 Dungeon Crawl Stone Soup version 0.27.1-33-g824d729ab1 (webtiles) character file.

Game seed: 11445407421581305956

937 alasdair19 the Slasher (level 7, -11/61 HPs)
             Began as a Minotaur Fighter on Dec 12, 2021.
             Was a Believer of Okawaru.
             Mangled by Duvessa (13 damage)
             ... on level 6 of the Dungeon.
             The game lasted 00:13:50 (5916 turns).

alasdair19 the Slasher (Minotaur Fighter)           Turns: 5916, Time: 00:13:51

Health: -11/61     AC: 11    Str: 22    XL:     7   Next: 87%
Magic:  8/8        EV:  6    Int:  6    God:    Okawaru [**....]
Gold:   186        SH: 10    Dex:  9    Spells: 6/6 levels left

rFire    . . .     SeeInvis .   a - +0 long sword
rCold    . . .     Faith    .   c - +0 kite shield
rNeg     . . .     Spirit   .   p - +0 chain mail
rPois    .         Reflect  .   (helmet restricted)
rElec    .         Harm     .   g - +0 cloak
rCorr    .         Rampage  .   (no gloves)
Will     .....                  (no boots)
Stlth    ..........             (no amulet)
HPRegen  0.20/turn              (no ring)
MPRegen  0.11/turn              (no ring)

@: mighty
A: horns 2, retaliatory headbutt
a: Renounce Religion, Heroism


You were on level 6 of the Dungeon.
You worshipped Okawaru.
Okawaru was pleased with you.
You visited 1 branch of the dungeon, and saw 6 of its levels.

You collected 186 gold pieces.

Inventory:

Hand Weapons
 a - a +0 long sword (weapon)
Missiles
 n - 2 boomerangs (quivered)
 o - 7 poisoned darts
Armour
 c - a +0 kite shield (worn)
 g - a +0 cloak (worn)
 p - a +0 chain mail (worn)
 r - a +0 cloak
Wands
 f - a wand of flame (16)
 j - a wand of acid (4)
 A - a wand of iceblast (5)
Scrolls
 e - a scroll of blinking {unknown}
 h - 2 scrolls of noise {unknown}
 l - 2 scrolls of enchant weapon {unknown}
 s - a scroll of fog {unknown}
 t - 2 scrolls of magic mapping {unknown}
 u - a scroll of amnesia {unknown}
 v - a scroll of immolation {unknown}
 w - 2 scrolls of acquirement {unknown}
 x - a scroll of teleportation {unknown}
 y - a scroll of vulnerability {unknown}
 z - 2 scrolls of fear {unknown}
Potions
 b - a potion of heal wounds
 i - a potion of haste
 k - 2 potions of curing
 m - a potion of cancellation
 q - a potion of berserk rage {unknown}


   Skills:
 + Level 5.0 Fighting
 + Level 6.0 Long Blades
 + Level 2.3 Throwing
 + Level 5.9 Armour
 - Level 0.2 Dodging
 + Level 5.9 Shields
 * Level 2.9 Invocations
 + Level 1.1 Evocations


You had 6 spell levels left.
You didn't know any spells.
Your spell library contained the following spells:

 Spells                   Type           Power      Damage    Failure   Level
 Summon Guardian Golem    Hex/Summ       0%         N/A       100%        3
 Orb of Destruction       Conj           0%         N/A       100%        7
 Spellforged Servitor     Conj/Summ      0%         N/A       100%        7


Dungeon Overview and Level Annotations

Branches:
Dungeon (6/15)             Temple (0/1) D:4

Altars:
Ashenzari
Fedhas
Okawaru
Sif Muna
Uskayaw

Shops:
D:5 :

Annotations:
D:6 Duvessa


Innate Abilities, Weirdness & Mutations

You have a pair of horns on your head.
You reflexively headbutt those who attack you in melee.


Message History

Dowan is almost dead.
Dowan casts a spell at you. You block the puff of flame.
You hit Dowan. Your headbutt misses Dowan.
Dowan is almost dead.
You block Dowan's attack.
Dowan says, "My weaknesses are her strengths!"
Dowan hits you but does no damage.
You slash Dowan!
You kill Dowan!
Okawaru accepts your kill.
Duvessa weeps, then rights herself and shakes her weapon.
Duvessa goes berserk!
Duvessa hits you with a +0 short sword. The orc hits you but does no damage.
You block Duvessa's attack.
You feel very mighty all of a sudden. Duvessa barely misses you.
You closely miss Duvessa. You block Duvessa's attack.
Duvessa barely misses you.
You slash Duvessa! You headbutt Duvessa!
Duvessa is heavily wounded.
Duvessa hits you with a +0 short sword. The orc hits you but does no damage.
You block Duvessa's attack.
A necrophage comes into view.
You block the orc's attack.
You hit Duvessa. You headbutt Duvessa.
Duvessa is heavily wounded.
You block Duvessa's attack. Duvessa hits you with a +0 short sword.
* * * LOW HITPOINT WARNING * * *
The orc hits you but does no damage.
Your chain mail prevents you from hitting Duvessa.
Your headbutt misses Duvessa.
Duvessa is heavily wounded.
Duvessa hits you with a +0 short sword.
* * * LOW HITPOINT WARNING * * *
The orc hits you with a +0 hand axe of freezing.
* * * LOW HITPOINT WARNING * * *
The orc freezes you.
* * * LOW HITPOINT WARNING * * *
You block the orc's attack. Duvessa hits you with a +0 short sword!
You die...

..............##.#.....
#............#........
#............#.....##.
#..........#....#.###.
##........####..##.##..
...........####..#.....
##.............###....
.....##.............##.
.... #@.............###
..n...oeo.........[..#
.))#.#...#..........##
# ##..##......)..#
#.###..#.[.<.## ###
##########


You could see Duvessa (berserk), a necrophage and 2 orcs.

Vanquished Creatures
  Eustachio (D:6)
  An ogre (D:6)
  A centaur (D:5)
  Dowan (D:6)
  A howler monkey (D:5)
  3 hounds
  An orc priest (D:6)
  A bullfrog skeleton (D:5)
  Jessica (D:2)
  Terence (D:2)
  An orc wizard (D:3)
  Natasha (thrice) (D:2)
  A scorpion zombie (D:5)
  Robin (D:2)
  2 howler monkey skeletons (D:4)
  6 adders
  2 ufetubi (D:4)
  4 worms
  2 dart slugs
  10 orcs
  12 endoplasms
  4 giant cockroaches
  12 hobgoblins
  5 kobolds
  12 quokkas
  11 ball pythons
  13 bats
  13 goblins
  8 rats
134 creatures vanquished.

Notes
Turn   | Place    | Note
-------+----------+-------------------------------------------
     0 | D:1      | alasdair19 the Minotaur Fighter began the quest for the
                  | Orb.
     0 | D:1      | Reached XP level 1. HP: 19/19 MP: 0/0
   312 | D:1      | Reached XP level 2. HP: 24/27 MP: 1/1
   470 | D:1      | Found a faded altar of an unknown god.
   626 | D:1      | Reached XP level 3. HP: 33/33 MP: 2/2
  1406 | D:2      | Reached skill level 3 in Long Blades
  1615 | D:2      | Noticed Terence
  1635 | D:2      | Killed Terence
  1636 | D:2      | Reached XP level 4. HP: 35/40 MP: 3/3
  1782 | D:2      | Found an iron altar of Okawaru.
  1797 | D:2      | Noticed Robin
  1798 | D:2      | Became a worshipper of Warmaster Okawaru
  1847 | D:2      | Killed Robin
  1862 | D:2      | Noticed Natasha
  1867 | D:2      | Killed Natasha
  1868 | D:2      | Reached skill level 1 in Evocations
  1868 | D:2      | Reached XP level 5. HP: 39/46 MP: 4/4
  1891 | D:2      | Noticed Natasha
  1906 | D:2      | Killed Natasha
  1907 | D:2      | Reached skill level 4 in Long Blades
  1907 | D:2      | Reached skill level 1 in Throwing
  2203 | D:2      | Noticed Jessica
  2212 | D:2      | Killed Jessica
  2687 | D:2      | Noticed Natasha
  2696 | D:2      | Killed Natasha
  2796 | D:3      | Found a blossoming altar of Fedhas.
  2931 | D:3      | Reached skill level 5 in Shields
  3042 | D:3      | Reached XP level 6. HP: 47/53 MP: 5/5
  3046 | D:3      | Reached skill level 1 in Invocations
  3073 | D:3      | Reached * piety under Okawaru
  4284 | D:4      | Found a shimmering blue altar of Sif Muna.
  4790 | D:4      | Found a staircase to the Ecumenical Temple.
  4878 | D:4      | Found a hide-covered altar of Uskayaw.
  4958 | D:5      | Entered Level 5 of the Dungeon
  4996 | D:5      | Found Rutor's Self-Improvement Boutique.
  5144 | D:5      | Reached skill level 5 in Long Blades
  5254 | D:5      | Reached XP level 7. HP: 59/60 MP: 7/7
  5269 | D:5      | Reached skill level 5 in Armour
  5278 | D:5      | Found a broken altar of Ashenzari.
  5454 | D:6      | Noticed Eustachio
  5474 | D:6      | Killed Eustachio
  5635 | D:6      | Reached skill level 5 in Fighting
  5904 | D:6      | Noticed Dowan
  5904 | D:6      | Noticed Duvessa
  5907 | D:6      | Reached skill level 6 in Long Blades
  5911 | D:6      | Killed Dowan
  5911 | D:6      | Reached ** piety under Okawaru
  5916 | D:6      | HP: 2/61 [orc (2)]
  5916 | D:6      | Mangled by Duvessa

Illustrated notes

Levels and vault maps discovered:
D:1:      sevenhm_arrival_forest_fort_large_2, layout_loops_ring,
          shapermc_ecumenical_altar_venn, minivault_25
D:2:      layout_basic, basic_altar, hangedman_feature_mirror,
          serial_park_tiny_1, minmay_diced_spiral, uniq_robin, uniq_jessica,
          uniq_terence, uniq_natasha
D:3:      layout_basic, lemuel_doored_altar, kennysheep_generic_room_5
D:4:      layout_loops_ring, mainiacjoe_overflow_alcove_2,
          overflow_temple_1_default, minmay_temple_entry_fiery
D:5:      layout_rooms, nicolae_ashenzari_skybound, nicolae_shop_self_help
D:6:      layout_cave_pools, zin_angel, uniq_duvessa, uniq_eustachio

Skill      XL: |  1  2  3  4  5  6  7 |
---------------+----------------------+-----
Shields        | 4 5 |  5.9
Fighting       | 4 5 |  5.0
Armour         | 4 5 |  5.9
Long Blades    | 3 4 5 6 |  6.0
Evocations     | 1 |  1.1
Throwing       | 1 2 |  2.3
Invocations    | 2 |  2.9
Dodging        | |  0.2

Action                   |  1- 3 |  4- 6 |  7- 9 || total
-------------------------+-------+-------+-------++-------
Melee: Long sword        |    81 |   209 |    35 ||   325
       Headbutt          |     9 |    33 |     8 ||    50
Throw: Dart              |       |    30 |     7 ||    37
       Boomerang         |       |     7 |     3 ||    10
Evoke: Wand              |       |       |     3 ||     3
  Use: Scroll            |       |     4 |     2 ||     6
       Potion            |       |       |     1 ||     1
Armor: Scale mail        |    42 |    27 |       ||    69
       Chain mail        |       |    56 |    48 ||   104
Dodge: Dodged            |    32 |    45 |    27 ||   104
Block: Kite shield       |    52 |   110 |    49 ||   211
       Rpst.: Long sword |     2 |    16 |     4 ||    22
